 Dungeon Crawl Stone Soup version 0.25-a0-591-g2ad0d861f1 (webtiles) character file.

Game seed: 17900804546259266221, levelgen mode: deterministic

590378 Amnesiac the Sensei (level 26, -25/221 HPs)
             Began as a Purple Draconian Transmuter on Mar 13, 2020.
             Was the Champion of Okawaru.
             Killed from afar by an orb of fire (48 damage)
             ... with a fireball
             ... on level 5 of the Realm of Zot on Mar 14, 2020.
             The game lasted 02:35:21 (69368 turns).

Amnesiac the Sensei (Purple Draconian Transmuter)  Turns: 69368, Time: 02:35:21

Health: -25/221    AC: 20    Str: 16    XL:     26   Next: 19%
Magic:  5/36       EV: 36    Int: 15    God:    Okawaru [******]
Gold:   4927       SH:  8    Dex: 23    Spells: 3/43 levels left

rFire    + . .     SeeInvis +     - Unarmed
rCold    . . .     Gourm    .   (shield currently unavailable)
rNeg     + + .     Faith    .   (armour unavailable)
rPois    +         Spirit   .   W - +2 hat {SInv}
rElec    .         Reflect  +   r - +2 cloak {rPois}
rCorr    .         Harm     .   (gloves currently unavailable)
MR       +++..                  R - +2 pair of boots "Wost" {rN++ Slay+6}
Stlth    +++.......             B - brooch of Shielding {Reflect SH+8}
HPRegen  0.46/turn              C - +2 ring of slaying
MPRegen  0.25/turn              b - ring of Temperance {+Blink rF+ Int+2 SInv}

@: blade hands, heroism, finesse, marked, very slightly contaminated, lightly
drained
A: breathe power, unfitting armour, talons 1, agile 1, frail 1, cold-blooded, AC
+12
}: 3/15 runes: serpentine, barnacled, silver
a: Breathe Dispelling Energy, End Transformation, Heroism, Finesse, Renounce
Religion, Evoke Blink


You were on level 5 of the Realm of Zot.
You worshipped Okawaru.
Okawaru was exalted by your worship.
You were completely stuffed.
You had blades for hands.
You visited 8 branches of the dungeon, and saw 46 of its levels.
You also visited: Sewer, Ossuary and Bailey.

You collected 8374 gold pieces.
You spent 3447 gold pieces at shops.

Inventory:

Hand Weapons
 J - the +4 fustibalus of the Bear {freeze, +Inv}
   (Okawaru gifted it to you on level 4 of the Depths)

   It causes projectiles fired from it to freeze those they strike, causing
   extra injury to most foes and up to half again as much damage against
   particularly susceptible opponents.
   They can also slow down cold-blooded creatures.
   It lets you turn invisible.
 K - the +7 bardiche "Ogrebane" {protect, *Rage rF+ Str+3, unknown}
   (You found it on level 4 of the Depths)

   It grants its wielder temporary protection when it strikes (+7 to AC).
   It affects your strength (+3).
   It protects you from fire.
   It may make you go berserk in combat.
Missiles
 I - 1338 arrows
Armour
 o - the +4 pair of boots "Viruj" {-Tele Int+4 SInv}
   (Okawaru gifted it to you on level 4 of the Vaults)

   It affects your intelligence (+4).
   It lets you see invisible.
   It prevents most forms of teleportation.
 r - a +2 cloak of poison resistance (worn)
 u - a +3 buckler of fire resistance (melded)
 y - a +2 pair of gloves of dexterity (melded)
 R - the +2 pair of boots "Wost" (worn) {rN++ Slay+6}
   (Okawaru gifted it to you on level 5 of the Lair of Beasts)

   It affects your accuracy and damage with ranged weapons and melee attacks
   (+6).
   It greatly protects you from negative energy.
 W - a +2 hat of see invisible (worn)
Magical Staves
 a - an uncursed staff of energy (melded) {!a}
Jewellery
 b - the ring of Temperance (right scythe-like blade) {+Blink rF+ Int+2 SInv}
   (You bought it in a shop on level 1 of the Snake Pit)

   [ring of see invisible]

   It affects your intelligence (+2).
   It protects you from fire.
   It lets you see invisible.
   It lets you blink.
 p - the ring of the Mage {Wiz MR++ Int+3}
   (You found it on level 5 of the Vaults)

   [ring of wizardry]

   It improves your spell success rate.
   It affects your intelligence (+3).
   It affects your resistance to hostile enchantments.
 B - the brooch of Shielding (around neck) {Reflect SH+8}
   (You found it on level 4 of the Dungeon)

   [amulet of reflection]

   It shields you and reflects attacks.
   It affects your SH (+8).
 C - a +2 ring of slaying (left scythe-like blade)
Wands
 l - a wand of acid (11)
 q - a wand of digging (13)
 x - a wand of iceblast (52)
 A - a wand of scattershot (3)
Scrolls
 d - 2 scrolls of summoning {!r}
 e - a scroll of blinking {!r}
 h - 24 scrolls of teleportation {!r}
 n - 15 scrolls of identify {!r}
 s - 15 scrolls of remove curse {!r}
 D - 6 scrolls of magic mapping {!r}
 F - 7 scrolls of fog {!r}
 G - a scroll of silence {!r}
 L - a scroll of vulnerability {!r}
 M - 2 scrolls of fear {!r}
 N - a scroll of holy word {!r}
Potions
 f - 6 potions of berserk rage {!q}
 g - 3 potions of cancellation {!q}
 i - a potion of ambrosia {!q}
 j - a potion of resistance {!q}
 k - 4 potions of magic {!q}
 m - 9 potions of mutation {!q}
 t - 11 potions of might {!q}
 v - 5 potions of brilliance {!q}
 w - 2 potions of curing {!q}
 z - 5 potions of haste {!q}
 P - 2 potions of invisibility {!q}
Comestibles
 c - 46 rations


   Skills:
 - Level 22.0(26.8) Fighting
 - Level 22.0(26.8) Dodging
 - Level 4.3(9.1) Shields
 - Level 22.0(26.8) Unarmed Combat
 - Level 9.0(8.9) Spellcasting
 - Level 8.0(7.8) Charms
 + Level 21.6(21.5) Transmutations
 - Level 5.0(4.8) Air Magic
 - Level 8.0(7.8) Invocations
 - Level 4.0(3.9) Evocations


You had 3 spell levels left.
You knew the following spells:

 Your Spells              Type           Power        Failure   Level  Hunger
a - Ice Form              Ice/Tmut       #####...     17%         4    ###....
b - Sticks to Snakes      Tmut           ######..     3%          2    None
c - Passwall              Tmut/Erth      #####...     9%          2    None
d - Spider Form           Tmut/Pois      #####.....   11%         3    #......
e - Blade Hands           Tmut           ######....   5%          5    #####..
f - Deflect Missiles      Chrm/Air       ####......   97%         6    ######.
g - Irradiate             Conj/Tmut      #####.....   28%         5    #####..
h - Ozocubu's Armour      Chrm/Ice       ###.....     38%         3    #......
i - Eringya's Noxious Bo  Tmut/Pois      #####.....   63%         6    ######.
v - Blink                 Tloc           N/A          58%         2    None
z - Swiftness             Chrm/Air       ####....     17%         2    None

Your spell library contained the following spells:

 Spells                   Type           Power        Failure   Level  Hunger
 Beastly Appendage        Tmut           ######       3%          1    None
 Ignite Poison            Fire/Tmut/Pois ####....     21%         3    #......
 Shroud of Golubria       Chrm/Tloc      ###...       26%         2    None
 Shock                    Conj/Air       ##..         30%         1    None
 Corpse Rot               Necr/Air       N/A          36%         2    None
 Poisonous Vapours        Pois/Air       ##....       36%         2    None
 Animate Skeleton         Necr           N/A          47%         1    None
 Corona                   Hex            #......      47%         1    None
 Freeze                   Ice            #...         47%         1    None
 Magic Dart               Conj           #...         47%         1    None
 Pain                     Necr           #...         47%         1    None
 Sandblast                Erth           #.....       47%         1    None
 Summon Small Mammal      Summ           #...         47%         1    None
 Static Discharge         Conj/Air       ##......     50%         3    #......
 Call Imp                 Summ           #.......     58%         2    None
 Ensorcelled Hibernation  Hex/Ice        #.....       58%         2    None
 Slow                     Hex            #.......     58%         2    None
 Sublimation of Blood     Necr           #.........   58%         2    None
 Mephitic Cloud           Conj/Pois/Air  ##......     58%         3    #......
 Call Canine Familiar     Summ           #.......     75%         3    #......
 Confusing Touch          Hex            #.......     75%         3    #......
 Conjure Flame            Conj/Fire      #.......     75%         3    #......
 Dazzling Flash           Conj/Hex       #.....       75%         3    #......
 Frozen Ramparts          Ice            #.....       75%         3    #......
 Gell's Gravitas          Tloc           #.........   75%         3    #......
 Lesser Beckoning         Tloc           #.........   75%         3    #......
 Stone Arrow              Conj/Erth      #.....       75%         3    #......
 Summon Guardian Golem    Hex/Summ       #.......     75%         3    #......
 Teleport Other           Tloc           #.......     75%         3    #......
 Tukima's Dance           Hex            #.......     75%         3    #......
 Vampiric Draining        Necr           #.........   75%         3    #......
 Hydra Form               Tmut           ######....   10%         6    ######.
 Petrify                  Tmut/Erth      #####...     17%         4    ###....
 Alistair's Intoxication  Tmut/Pois      #####...     28%         5    #####..
 Yara's Violent Unravell  Hex/Tmut       #####.....   28%         5    #####..
 Airstrike                Air            ###.......   54%         4    ###....
 Summon Lightning Spire   Summ/Air       ##......     78%         4    ###....
 Excruciating Wounds      Chrm/Necr      ###.......   88%         5    #####..
 Animate Dead             Necr           N/A          96%         4    ###....
 Dispel Undead            Necr           #.......     96%         4    ###....
 Fulminant Prism          Conj/Hex       #.........   96%         4    ###....
 Hailstorm                Conj/Ice       #.......     96%         4    ###....
 Iskenderun's Mystic Bla  Conj/Tloc      #.......     96%         4    ###....
 Passage of Golubria      Tloc           N/A          96%         4    ###....
 Sticky Flame             Conj/Fire      #.......     96%         4    ###....
 Summon Ice Beast         Ice/Summ       #.......     96%         4    ###....
 Lightning Bolt           Conj/Air       ##........   96%         5    #####..
 Silence                  Hex/Air        ##........   96%         5    #####..
 Agony                    Necr           #.......     100%        5    #####..
 Bolt of Magma            Conj/Fire/Erth #.........   100%        5    #####..
 Borgnjor's Vile Clutch   Necr/Erth      #.........   100%        5    #####..
 Lee's Rapid Deconstruct  Erth           #.........   100%        5    #####..
 Metabolic Englaciation   Hex/Ice        #.........   100%        5    #####..
 Summon Forest            Summ/Tloc      #.........   100%        5    #####..
 Conjure Ball Lightning   Conj/Air       ##........   100%        6    ######.
 Darkness                 Hex            #.........   100%        6    ######.
 Freezing Cloud           Conj/Ice/Air   ##........   100%        6    ######.
 Shadow Creatures         Summ           N/A          100%        6    ######.
 Starburst                Conj/Fire      #.........   100%        6    ######.
 Malign Gateway           Summ/Tloc      #.........   100%        7    #######
 Ring of Flames           Chrm/Fire      ###.......   100%        7    #######
 Summon Hydra             Summ           #.........   100%        7    #######
 Controlled Blink         Tloc           N/A          100%        8    #######
 Shatter                  Erth           #.........   100%        9    #######


Dungeon Overview and Level Annotations

Branches:
Dungeon (15/15)            Temple (0/1) D:7            Lair (6/6) D:10
 Shoals (4/4) Lair:2        Snake (4/4) Lair:3        Slime (0/5) Lair:6
    Orc (2/2) D:11            Elf (0/3) Orc:2        Vaults (5/5) D:13
  Crypt (0/3) Vaults:3     Depths (5/5) D:15            Zot (5/5) Depths:5
  Sewer (visited)         Ossuary (visited)          Bailey (visited)

Altars:
Fedhas
Kikubaaqudgha
Makhleb
Nemelex Xobeh
Okawaru
Qazlal
Xom
Zin
The Shining One
Beogh
Lugonu

Shops:
D:8 (   D:11 !   D:15 *   Orc:2 (*??   Snake:1 }=}   Snake:2 !=[!*   Vaults:1 (
Vaults:2 %   Vaults:4 =!***   Vaults:5 %

Portals:
Hell: Depths:1 Depths:2 Depths:3 Depths:4 Depths:5
Abyss: D:5 Depths:4
Pandemonium: Depths:1 Depths:3
Ziggurat: Depths:2

Annotations:
D:6 buskinjo's ghost, novice FoAK
D:15 1 runed translucent door
Depths:1 exclusion: orange crystal statue
Zot:2 exclusion: 3 doors
Zot:5 1 exclusion


Innate Abilities, Weirdness & Mutations

You can breathe bolts of dispelling energy.
Your rich purple scales are hard. (AC +12)
You cannot fit into any form of body armour.
You are cold-blooded and may be slowed by cold attacks.
You have sharp toenails.
You are agile. (Dex +2)
You are frail. (-10% HP)


Message History

The ancient lich is heavily damaged.
You slash the ancient lich!
The ancient lich is heavily damaged.
You block the ancient lich's attack.
You shred the ancient lich!!!
You destroy the ancient lich!
Okawaru is honoured by your kill. The ghost moth stares at you.
You feel your power leaking away.
You slash the ancient lich!
The ancient lich is lightly damaged.
You slash the ancient lich!
You tail-slap the ancient lich, but do no damage.
The ancient lich is moderately damaged.
The ancient lich completely misses you.
You hit the ancient lich.
The ancient lich is moderately damaged.
The purple draconian annihilator gestures wildly while chanting.
The purple draconian annihilator blinks!
The ancient lich casts a spell at you. The crystal spear hits you!!!!
* * * LOW HITPOINT WARNING * * *
Evoke which item? (* to show all) (? for menu, Esc to quit)
Aiming: Dig
Press: ? - help, Shift-Dir - straight line You can't see that place. [a stone wall.]
The rock shatters into small pieces.
The purple draconian annihilator mumbles some strange words.
The purple draconian annihilator blinks!
The ancient lich closely misses you. The ancient lich touches you.
* * * LOW HITPOINT WARNING * * *
You partially resist.
You feel drained.
A Killer Klown comes into view. It is wielding a +10 club.
The ancient lich touches you.
* * * LOW HITPOINT WARNING * * *
You partially resist.
You feel drained.
Okay, then.
You closely miss the ancient lich.
You tail-slap the ancient lich, but do no damage.
The ancient lich is moderately damaged.
The ancient lich touches you!!
* * * LOW HITPOINT WARNING * * *
Okay, then.
Okay, then.
Unknown command.
Casting: Blade Hands (safe; 5% risk of failure)
Confirm with . or Enter, or press ? or * to list all spells.
You miscast Blink.
You are very lightly contaminated with residual magic.
You feel uncomfortable. The ancient lich casts a spell at you.
You resist with almost no effort.
Casting: Blink (safe; 58% risk of failure)
Confirm with . or Enter, or press ? or * to list all spells.
You blink.
The orb of fire emits a lurid red light.
The bolt of fire hits the orb of fire.
The orb of fire completely resists.
The bolt of fire hits you! You resist.
* * * LOW HITPOINT WARNING * * *
The orb of fire glows bright magenta.
The fireball explodes!
The fireball engulfs you!!! You resist.
You die...

##..........(## #[.........p#
##.y...q.....## #.[)...X......#
##......X*d....#
#.....X**XX.....#
▓▓########*########▓▓▓▓###### #
#.....#.§#*##.......<^....... ##
##.....##.L*@).......<....... .##
##......###..................
..###........#.....###...........
..................## ###.........
..........)......## ##..........
................## ##...........
#.......[..[...## ##...[........
##.....[..)...## ##.............
##..........## ##.....##.......


You could see 2 orbs of fire and an ancient lich.

Vanquished Creatures
  4 ancient liches
  Mara (Snake:4)
  An orb of fire (Zot:5)
  A Killer Klown (Zot:5)
  A curse toe (Zot:2)
  Saint Roka (Vaults:5)
  3 caustic shrikes
  8 golden dragons
  The ghost of Isedumueph the Tortoise, a veteran HuFi of Hepliaklqana (Vaults:4)
  Vashnia (Snake:2)
  An electric golem (Zot:2)
  10 liches
  11 tentacled monstrosities
  The ghost of Faedia the Fighter, an adept GnWn of Okawaru (Vaults:4)
  Rupert (D:13)
  4 Orb Guardians (Zot:5)
  8 titans
  3 quicksilver dragons
  A kraken (Shoals:4)
  9 sphinxes
  Agnes (D:15)
  4 death cobs
  A shadow dragon (shapeshifter) (Depths:3)
  Kirke (Snake:2)
  6 tengu reavers
  4 draconian monks
  8 shadow dragons
  10 nagarajas
  18 fire giants
  12 storm dragons
  2 draconian knights
  11 vault wardens
  3 deep elf sorcerers
  2 draconian scorchers
  14 frost giants
  3 ghost moths (Zot:2)
  Aizul (Snake:1)
  3 iron dragons
  5 draconian shifters
  2 deep elf elementalists
  2 orc warlords
  10 ironheart preservers
  A spriggan defender (Depths:3)
  3 draconian stormcallers
  An angel (D:15)
  20 very ugly things
  22 stone giants
  3 draconian annihilators
  2 war gargoyles (Vaults:5)
  9 vampire knights
  5 green draconians
  A deep elf demonologist (Vaults:1)
  2 entropy weavers (Vaults:5)
  8 red draconians
  A deep elf annihilator (Vaults:5)
  A black draconian (Zot:2)
  A dire elephant (D:15)
  6 yellow draconians
  6 spark wasps (Depths:4)
  5 purple draconians
  5 white draconians
  2 green deaths (Snake:3)
  A deep elf death mage (Vaults:5)
  4 merfolk javelineers (Shoals:4)
  19 ettins
  6 merfolk impalers
  Josephine (D:11)
  10 fire dragons
  2 deep elf high priests (Vaults:5)
  8 great orbs of eyes
  15 ice dragons
  13 yaktaur captains
  19 ogre magi
  40 vault guards
  17 naga warriors
  5 hydras
  8 rakshasas
  Erolcha (D:11)
  A merfolk aquamancer (Shoals:4)
  An anaconda (shapeshifter) (Depths:4)
  4 spriggan air magi
  4 centaur warriors
  6 catoblepae
  A merfolk avatar (Shoals:4)
  A death knight (Vaults:2)
  18 anacondas
  Erica (Lair:1)
  6 satyrs
  An alligator snapping turtle (Shoals:4)
  38 two-headed ogres
  5 tengu warriors
  5 deep troll shamans
  6 deep troll earth magi
  11 death yaks
  6 orc high priests
  12 shock serpents
  2 dancing weapons (Vaults:5)
  A vampire mage (Depths:4)
  3 spriggan berserkers
  A shock serpent (shapeshifter) (Vaults:2)
  17 naga sharpshooters
  A titan skeleton (Depths:3)
  Nergalle (Lair:1)
  16 hell knights
  3 deep elf knights
  A sea snake (shapeshifter) (Vaults:5)
  A shadow wraith (Vaults:4)
  25 deep trolls
  A golden dragon zombie (Depths:3)
  8 sea snakes
  A storm dragon skeleton (Vaults:3)
  3 wizards
  5 glowing orange brains
  8 skeletal warriors (Vaults:3)
  7 salamander mystics
  4 unseen horrors
  4 flayed ghosts
  15 naga ritualists
  7 necromancers
  An orange crystal statue (Depths:1)
  9 deep elf archers
  A golden dragon skeleton (Depths:3)
  4 lindwurms (Snake:4)
  A wolf spider zombie (D:15)
  3 phantasmal warriors
  19 orc knights
  15 mana vipers
  An orb spider (shapeshifter) (Vaults:5)
  17 deep elf magi
  12 ironbrand convokers
  3 wolf spiders
  21 cyclopes
  29 harpies
  3 orc sorcerers
  A salamander (shapeshifter) (Vaults:3)
  Maurice (D:8)
  2 sphinx skeletons (Vaults:3)
  6 salamanders
  21 fauns
  11 guardian serpents
  60 ugly things
  13 elephants (Lair:6)
  12 manticores
  10 moths of wrath
  3 fire giant skeletons (Vaults:3)
  An ice statue (Lair:5)
  11 merfolk sirens
  A rust devil (Depths:2)
  51 black mambas
  2 water nymphs
  Psyche (D:8)
  28 naga magi
  14 vault sentinels
  Maggie (D:8)
  A hellion (Depths:1)
  A gargoyle (D:15)
  13 spiny frogs
  A redback zombie (D:13)
  3 freezing wraiths
  3 tengu conjurers
  60 yaktaurs
  7 komodo dragons
  A hellwing (Depths:1)
  A yaktaur (shapeshifter) (Vaults:5)
  An ice devil (Lair:5)
  A komodo dragon (shapeshifter) (Vaults:1)
  A harpy zombie (D:14)
  2 jumping spiders (Vaults:5)
  A red devil (Depths:1)
  22 merfolk
  3 polar bears
  9 trolls
  7 hornets
  25 dream sheep
  28 slime creatures
  5 blink frogs (Lair:2)
  10 snapping turtles
  A stone giant simulacrum (Vaults:1)
  3 spriggans
  10 hippogriffs
  A shadow (D:13)
  A centaur simulacrum (D:11)
  2 wyverns
  An elf zombie (Depths:4)
  6 water elementals
  73 yaks
  6 wraiths
  3 hogs (Snake:2)
  The ghost of whitenoisemaker the Cudgeler, an amateur DrBe of Trog (D:5)
  A human (shapeshifter) (Depths:3)
  A yak (shapeshifter) (Depths:1)
  A basilisk (shapeshifter) (Vaults:4)
  A hungry ghost (D:9)
  A human (D:11)
  An acid dragon (shapeshifter) (Depths:1)
  An acid dragon (D:12)
  4 wargs
  47 nagas
  A water moccasin (shapeshifter) (Depths:1)
  25 water moccasins
  2 floating eyes
  Duvessa (D:5)
  2 black bears (shapeshifter)
  9 porcupines
  2 black bears
  62 orc warriors
  9 ice beasts
  2 sky beasts
  A sky beast (shapeshifter) (Depths:4)
  45 ogres
  A phantom (D:7)
  6 wolves (Lair:3)
  4 human skeletons (Vaults:3)
  10 boggarts
  7 crocodiles
  16 centaurs
  4 big kobolds
  15 bullfrogs
  10 gnoll sergeants
  A wyvern zombie (D:14)
  Blork the orc (D:5)
  A wyvern skeleton (D:12)
  3 scorpions
  Dowan (D:5)
  5 killer bees (D:12)
  8 wights
  3 electric eels
  3 small abominations (D:5)
  11 howler monkeys
  7 centaur zombies
  13 crimson imps
  10 hounds
  24 orc wizards
  34 orc priests
  3 bullfrog skeletons
  2 centaur skeletons
  6 gnoll shamans (Bailey)
  6 jellies
  An iguana (D:11)
  8 worker ants
  A hound zombie (D:11)
  Robin (D:2)
  2 mummies (Ossuary)
  A worker ant zombie (D:6)
  25 gnolls
  21 adders
  2 river rats (D:6)
  8 shadow imps
  6 white imps
  An ooze (shapeshifter) (Vaults:5)
  An adder skeleton (D:7)
  A worm (D:2)
  3 leopard geckos
  113 orcs
  9 giant cockroaches
  13 hobgoblins
  12 jackals
  7 quokkas
  10 ball pythons
  7 bats
  5 frilled lizards
  A gnoll zombie (Ossuary)
  14 goblins
  28 kobolds
  2 kobold zombies (Ossuary)
  2 orc zombies (Ossuary)
  14 rats
  2 crawling corpses (Vaults:5)
  6 plants
  5 tentacles (Shoals:4)
2198 creatures vanquished.

Vanquished Creatures (others)
  An orb of fire (Zot:5)
  A tentacled monstrosity (Depths:4)
  4 Orb Guardians (Zot:5)
  A death cob (Zot:5)
  A draconian scorcher (Zot:5)
  A draconian knight (Zot:5)
  A draconian shifter (Zot:5)
  A stone giant (Vaults:5)
  2 red draconians (Zot:5)
  A juggernaut simulacrum (Depths:4)
  A naga sharpshooter (Snake:3)
  A necromancer (Depths:4)
  A shadow dragon zombie (Depths:4)
  A faun (Shoals:1)
  A cyclops (Shoals:4)
  A frost giant skeleton (Depths:4)
  A yaktaur (Depths:3)
  2 dream sheep (Shoals:3)
  A naga (Snake:3)
  An orc warrior (Vaults:5)
  2 centaurs (D:12)
  4 ogres (Vaults:4)
  A human simulacrum (Depths:4)
  A hound (D:12)
  A worker ant (D:12)
  An adder (D:7)
  3 orcs
  17 fungi
  89 plants
  7 tentacles (Shoals:4)
151 creatures vanquished.

Grand Total: 2349 creatures vanquished

Notes
Turn   | Place    | Note
-------+----------+-------------------------------------------
     0 | D:1      | Amnesiac the Draconian Transmuter began the quest for the
                  | Orb.
     0 | D:1      | Reached XP level 1. HP: 16/16 MP: 3/3
   151 | D:1      | Reached XP level 2. HP: 22/23 MP: 3/5
   524 | D:1      | Learned a level 2 spell: Sticks to Snakes
   808 | D:2      | Noticed Robin
  1080 | D:2      | Reached XP level 3. HP: 27/28 MP: 6/6
  1085 | D:2      | Learned a level 3 spell: Spider Form
  1161 | D:2      | Killed Robin
  1329 | D:2      | Reached XP level 4. HP: 30/35 MP: 0/7
  1695 | D:2      | Found a glowing golden altar of the Shining One.
  1696 | D:2      | Found an iron altar of Okawaru.
  1703 | D:2      | Became a worshipper of Warmaster Okawaru
  1974 | D:3      | Reached XP level 5. HP: 22/40 MP: 5/8
  2974 | D:4      | Reached skill level 5 in Unarmed Combat
  2998 | D:4      | Reached XP level 6. HP: 48/49 MP: 9/9
  3036 | D:4      | Found the brooch of Shielding {Reflect SH+8}
  3046 | D:4      | Found a sand-covered staircase.
  3053 | D:4      | You fall into a shaft and drop 2 floors!
  3068 | D:6      | Reached skill level 1 in Evocations
  3078 | D:6      | Reached * piety under Okawaru
  3135 | D:6      | Noticed a wraith
  3210 | D:6      | Found a runed translucent door.
  3210 | D:6      | Noticed buskinjo's ghost (novice FoAK)
  3269 | D:5      | Entered Level 5 of the Dungeon
  3269 | D:5      | Noticed Blork the orc
  3430 | Ossuary  | Entered an ossuary
  3525 | Ossuary  | Your scales start taking on a rich purple colour.
  3525 | Ossuary  | Reached XP level 7. HP: 54/57 MP: 6/10
  3737 | D:5      | Noticed a small abomination
  3755 | D:5      | Found a blossoming altar of Fedhas.
  3767 | D:5      | Noticed Duvessa
  3767 | D:5      | Noticed Dowan
  3777 | D:5      | Found a glowing drain.
  3787 | Sewer    | Entered a sewer
  3829 | Sewer    | Reached ** piety under Okawaru
  4203 | D:5      | Killed Dowan
  4207 | D:5      | Killed Duvessa
  4214 | D:5      | Reached XP level 8. HP: 33/67 MP: 2/11
  4608 | D:5      | Killed Blork the orc
  4713 | D:5      | Reached skill level 5 in Fighting
  4830 | D:5      | Gained mutation: Your muscles are strong. (Str +2) [potion
                  | of mutation]
  4830 | D:5      | Gained mutation: Your spells are a little harder to cast,
                  | but a little more powerful. [potion of mutation]
  5090 | D:4      | Lost mutation: Your muscles are strong. (Str +2) [potion of
                  | mutation]
  5090 | D:4      | Lost mutation: Your spells are a little harder to cast, but
                  | a little more powerful. [potion of mutation]
  5090 | D:4      | Gained mutation: You have sharp toenails. [potion of
                  | mutation]
  5090 | D:4      | Gained mutation: You are agile. (Dex +2) [potion of
                  | mutation]
  5813 | D:5      | Found a transporter.
  6386 | D:5      | Noticed whitenoisemaker's ghost (amateur DrBe)
  6387 | D:5      | Learned a level 5 spell: Blade Hands
  6387 | D:5      | Found a one-way gate to the infinite horrors of the Abyss.
  6403 | D:5      | Killed whitenoisemaker's ghost
  6403 | D:5      | Reached *** piety under Okawaru
  6416 | D:5      | Got Lugonu's Reference Book on Displacement
  6418 | D:5      | Found a transporter.
  6587 | D:6      | Reached XP level 9. HP: 69/74 MP: 8/12
  6707 | D:6      | Found a runed translucent door.
  7133 | D:6      | Reached skill level 10 in Unarmed Combat
  7533 | D:7      | Reached skill level 1 in Invocations
  7584 | D:7      | Reached **** piety under Okawaru
  7716 | D:7      | Reached skill level 5 in Transmutations
  7872 | D:7      | Found a staircase to the Ecumenical Temple.
  8225 | D:8      | Noticed Maggie
  8234 | D:8      | Killed Maggie
  8385 | D:8      | Noticed Maurice
  8396 | D:8      | Reached ***** piety under Okawaru
  8400 | D:8      | Killed Maurice
  8400 | D:8      | Reached XP level 10. HP: 52/81 MP: 13/16
  8516 | D:8      | Noticed Psyche
  8525 | D:8      | Killed Psyche
  8525 | D:8      | Received a gift from Okawaru
  8587 | D:8      | Found a stormy altar of Qazlal.
  8730 | D:8      | Found a sparkling altar of Nemelex Xobeh.
  8762 | D:8      | Noticed a two-headed ogre
  8786 | D:8      | Killed a two-headed ogre
  9041 | D:8      | Reached skill level 5 in Spellcasting
  9189 | D:8      | Found Fokyly's Antique Weapon Emporium.
  9507 | D:9      | You fall into a shaft and drop 3 floors!
  9507 | D:12     | Noticed a red ugly thing
  9508 | D:12     | Noticed a white ugly thing
  9531 | D:12     | Killed a white ugly thing
  9531 | D:12     | Reached skill level 5 in Invocations
  9535 | D:12     | Killed a red ugly thing
  9807 | D:12     | Reached ****** piety under Okawaru
  9818 | D:12     | Reached XP level 11. HP: 24/88 MP: 11/18
 10044 | D:12     | Found a shimmering altar of Xom.
 10065 | D:11     | Noticed a two-headed ogre
 10071 | D:11     | Noticed Josephine
 10075 | D:11     | Received a gift from Okawaru
 10080 | D:11     | Killed a two-headed ogre
 10080 | D:11     | Reached skill level 5 in Dodging
 10086 | D:11     | Killed Josephine
 10093 | D:11     | Noticed a brown ugly thing
 10098 | D:11     | Paralysed by a hornet for 2 turns
 10100 | D:11     | HP: 2/91 [orc priest/divine providence (11)]
 10118 | D:10     | Entered Level 10 of the Dungeon
 10118 | D:10     | Found a staircase to the Lair.
 12105 | D:11     | Noticed a deep elf mage
 12151 | D:11     | Noticed Erolcha
 12158 | D:11     | Identified 2 scrolls of acquirement {!r}
 12170 | D:11     | Identified the ring of Megalomania {rF+ MR+ rCorr Str+2}
                  | (You acquired it on level 11 of the Dungeon)
 12170 | D:11     | Identified the +1 broad axe of Absolution {vorpal, Int+4}
                  | (You acquired it on level 11 of the Dungeon)
 12172 | D:11     | Identified a papyrus manual (You acquired it on level 11 of
                  | the Dungeon)
 12476 | D:11     | Killed a deep elf mage
 12678 | D:10     | Learned a level 2 spell: Blink
 12849 | Lair:1   | Entered Level 1 of the Lair of Beasts
 13117 | Lair:1   | Received a gift from Okawaru
 13126 | Lair:1   | Got a pair of smoking boots {god gift}
 13132 | Lair:1   | Identified the +0 pair of boots "Laugot" {rPois rC- Str+6
                  | Stlth+} (Okawaru gifted it to you on level 1 of the Lair of
                  | Beasts)
 13184 | Lair:1   | Reached XP level 12. HP: 82/101 MP: 14/19
 13447 | Lair:1   | Noticed Nergalle
 13455 | Lair:1   | Killed Nergalle
 13528 | Lair:1   | Noticed Erica
 13548 | Lair:1   | Killed Erica
 14278 | Lair:2   | Got a fine long sword
 14370 | Lair:2   | Noticed an eight-headed hydra
 14388 | Lair:2   | Learned a level 2 spell: Passwall
 14393 | Lair:2   | Learned a level 4 spell: Ice Form
 14401 | Lair:2   | Killed an eight-headed hydra
 14697 | Lair:2   | Found a staircase to the Shoals.
 14697 | Lair:2   | Noticed a seven-headed hydra
 14769 | Lair:2   | Killed a seven-headed hydra
 15859 | Lair:3   | Received a gift from Okawaru
 16013 | Lair:3   | Noticed a death yak
 16013 | Lair:3   | Noticed a death yak
 16037 | Lair:3   | Killed a death yak
 16038 | Lair:3   | Noticed a death yak
 16041 | Lair:3   | Noticed a death yak
 16049 | Lair:3   | Killed a death yak
 16049 | Lair:3   | Received a gift from Okawaru
 16052 | Lair:3   | Killed a death yak
 16052 | Lair:3   | Reached XP level 13. HP: 99/108 MP: 15/20
 16103 | Lair:3   | Found a staircase to the Snake Pit.
 16182 | Lair:3   | You fall into a shaft and drop 3 floors!
 16182 | Lair:6   | Entered Level 6 of the Lair of Beasts
 16186 | Lair:6   | Found a staircase to the Slime Pits.
 16633 | Lair:6   | Got a shimmering rapier
 16710 | Lair:6   | Learned a level 2 spell: Swiftness
 16733 | Lair:6   | Received a gift from Okawaru
 17040 | Lair:4   | Identified the cursed +2 rapier of Karma {vorpal, rElec
                  | Int+4 Dex+3} (You found it on level 6 of the Lair of
                  | Beasts)
 17042 | Lair:4   | Identified the +1 long sword of Premature Burial {holy,
                  | Str+3} (You found it on level 2 of the Lair of Beasts)
 17295 | Lair:4   | Reached skill level 10 in Fighting
 17833 | Lair:5   | Reached skill level 15 in Unarmed Combat
 17936 | Lair:5   | Received a gift from Okawaru
 17941 | Lair:5   | Got a pair of faintly humming boots {god gift}
 17965 | Lair:5   | Identified the +2 pair of boots "Wost" {rN++ Slay+6}
                  | (Okawaru gifted it to you on level 5 of the Lair of Beasts)
 18014 | Lair:5   | Identified the Grimoire of Battle Magic
 18788 | Lair:6   | Reached XP level 14. HP: 101/121 MP: 19/24
 18836 | Lair:6   | Reached skill level 10 in Dodging
 19871 | D:11     | Killed Erolcha
 20109 | D:11     | Found Plog's Distillery.
 20117 | D:11     | Bought a potion of lignification for 36 gold pieces
 20244 | D:11     | Found a staircase to the Orcish Mines.
 20252 | D:11     | Found a roughly hewn altar of Beogh.
 20316 | Orc:1    | Entered Level 1 of the Orcish Mines
 20398 | Orc:1    | Noticed an orc warlord
 20416 | Orc:1    | Killed an orc warlord
 20416 | Orc:1    | Received a gift from Okawaru
 20974 | Orc:1    | Found a roughly hewn altar of Beogh.
 21213 | Orc:2    | Entered Level 2 of the Orcish Mines
 21439 | Orc:2    | Found a staircase to the Elven Halls.
 22772 | Orc:2    | Found Foack's Magic Scroll Shop.
 22772 | Orc:2    | Found Jotuc's Antique Weapon Shop.
 22774 | Orc:2    | Found Gauhyl's Magic Scroll Shop.
 22774 | Orc:2    | Found Viexzil's Assorted Antiques.
 22912 | Snake:1  | Entered Level 1 of the Snake Pit
 22926 | Snake:1  | Found a burning altar of Makhleb.
 22933 | Snake:1  | Received a gift from Okawaru
 22957 | Snake:1  | Reached XP level 15. HP: 97/126 MP: 22/28
 23320 | Snake:1  | Noticed Aizul
 23329 | Snake:1  | Killed Aizul
 24093 | Snake:1  | Noticed a nagaraja
 24098 | Snake:1  | Killed a nagaraja
 24110 | Snake:1  | Found Nafoxag's Gadget Emporium.
 24112 | Snake:1  | Found Ipsaq's Jewellery Boutique.
 24113 | Snake:1  | Found Biquuheph's Gadget Emporium.
 24781 | Snake:2  | Found Kyriurgh's Distillery.
 24798 | Snake:2  | Noticed Vashnia
 24816 | Snake:2  | Killed Vashnia
 24816 | Snake:2  | Received a gift from Okawaru
 25492 | Snake:2  | Found Petebog's Antique Armour Shoppe.
 25494 | Snake:2  | Found Erifit's General Store.
 25496 | Snake:2  | Found Varer's Jewellery Shoppe.
 25496 | Snake:2  | Found Cijahobu's Distillery.
 25510 | Snake:2  | Bought a potion of heal wounds for 80 gold pieces
 25510 | Snake:2  | Bought a potion of heal wounds for 80 gold pieces
 25510 | Snake:2  | Bought a potion of haste for 160 gold pieces
 25510 | Snake:2  | Bought a potion of haste for 160 gold pieces
 25573 | Snake:2  | Bought a potion of heal wounds for 85 gold pieces
 26150 | Snake:2  | Noticed Kirke
 26169 | Snake:2  | Killed Kirke
 26994 | Snake:3  | Noticed a nagaraja
 27004 | Snake:3  | Killed a nagaraja
 27004 | Snake:3  | Reached XP level 16. HP: 120/134 MP: 23/29
 27023 | Snake:3  | Received a gift from Okawaru
 27958 | Snake:3  | Found a runed translucent door.
 28626 | Snake:4  | Entered Level 4 of the Snake Pit
 28657 | Snake:4  | Received a gift from Okawaru
 29081 | Snake:4  | Received a gift from Okawaru
 29411 | Snake:4  | HP: 5/134 [shock serpent (3)]
 30386 | Snake:2  | Bought a potion of heal wounds for 85 gold pieces
 30386 | Snake:2  | Bought a potion of mutation for 136 gold pieces
 30386 | Snake:2  | Bought a potion of mutation for 136 gold pieces
 30386 | Snake:2  | Bought a potion of haste for 170 gold pieces
 30386 | Snake:2  | Bought a potion of haste for 170 gold pieces
 31081 | Snake:4  | Received a gift from Okawaru
 31208 | Snake:4  | Reached XP level 17. HP: 123/141 MP: 19/30
 31251 | Snake:4  | Noticed Mara
 31346 | Snake:2  | Bought an uncursed ring of poison resistance for 380 gold
                  | pieces
 32076 | Snake:4  | Noticed Amnesiac's illusion
 32078 | Snake:4  | Killed Mara
 32078 | Snake:4  | Reached skill level 10 in Transmutations
 32220 | Snake:4  | Received a gift from Okawaru
 33608 | Snake:4  | Got a serpentine rune of Zot
 34547 | D:13     | Found a gate to the Vaults.
 34632 | D:13     | You fall into a shaft and drop 2 floors!
 34632 | D:15     | Entered Level 15 of the Dungeon
 34656 | D:14     | Identified Sif Muna's Disquisition on Lethal Enhancements
 34666 | D:14     | Learned a level 6 spell: Deflect Missiles
 34796 | D:14     | Received a gift from Okawaru
 34819 | D:13     | Found a flagged portal.
 34828 | Bailey   | Entered a bailey
 34987 | Bailey   | Reached XP level 18. HP: 149/155 MP: 26/31
 35043 | Bailey   | Found the +8 arc blade {discharge, rElec}
 35204 | D:13     | Noticed Rupert
 35229 | D:13     | Killed Rupert
 36085 | D:13     | Learned a level 5 spell: Irradiate
 36263 | D:14     | Got a polished short sword
 36491 | D:14     | Got a transparent mace
 36801 | D:15     | Noticed Agnes
 36812 | D:15     | Killed Agnes
 37078 | D:15     | Found Xiekif's Assorted Antiques.
 37275 | D:15     | Found a runed translucent door.
 37275 | D:15     | Found a glowing silver altar of Zin.
 37414 | D:15     | Received a gift from Okawaru
 37518 | D:15     | Found a staircase to the Depths.
 37949 | Shoals:1 | Entered Level 1 of the Shoals
 38143 | Shoals:1 | HP: 4/188 [faun/+2 spear of venom (19)]
 38985 | Shoals:4 | Entered Level 4 of the Shoals
 40342 | Shoals:3 | Received a gift from Okawaru
 40389 | Shoals:3 | Got a pair of distressingly furry gloves
 40396 | Shoals:3 | Got a pair of distressingly furry boots {god gift}
 40416 | Shoals:3 | Identified the +2 pair of boots of the Unseen Realm {*Drain
                  | rElec Str+4} (Okawaru gifted it to you on level 3 of the
                  | Shoals)
 40436 | Shoals:3 | Identified the +0 pair of gloves of Inference {Int+2} (You
                  | found it on level 3 of the Shoals)
 41255 | Shoals:4 | Reached XP level 19. HP: 107/168 MP: 23/32
 42211 | Shoals:4 | Got a twisted demon trident
 42231 | Shoals:4 | Got a barnacled rune of Zot
 42330 | Shoals:4 | Got a smoking long sword
 42350 | Shoals:4 | HP: 7/168 [tentacle[a kraken] (8)]
 43211 | Vaults:1 | Entered Level 1 of the Vaults
 43298 | Vaults:1 | You fall into a shaft and drop 1 floor!
 43330 | Vaults:2 | Received a gift from Okawaru
 43341 | Vaults:2 | Reached skill level 15 in Fighting
 44208 | Vaults:1 | Received a gift from Okawaru
 45112 | Vaults:1 | Found Elar's Weapon Boutique.
 45383 | Vaults:2 | Received a gift from Okawaru
 45395 | Vaults:2 | Got a twisted quick blade {god gift}
 45396 | Vaults:2 | Identified the +3 quick blade of the Little People {pain,
                  | +Fly rElec rPois Int-2} (Okawaru gifted it to you on level
                  | 2 of the Vaults)
 45660 | Vaults:2 | Reached XP level 20. HP: 159/180 MP: 28/33
 46598 | Vaults:2 | Found Hieh's Food Shop.
 46944 | Vaults:3 | Reached skill level 15 in Transmutations
 46948 | Vaults:3 | Received a gift from Okawaru
 46949 | Vaults:3 | Found the +7 captain's cutlass {speed, disarm}
 47128 | Vaults:3 | Found a staircase to the Crypt.
 47292 | Vaults:3 | Reached skill level 15 in Dodging
 48341 | Vaults:4 | Received a gift from Okawaru
 48353 | Vaults:4 | Got a dazzling hat {god gift}
 48591 | Vaults:4 | Found Luet's Distillery.
 48594 | Vaults:4 | Bought a potion of heal wounds for 85 gold pieces
 48594 | Vaults:4 | Bought 2 potions of magic for 272 gold pieces
 48594 | Vaults:4 | Bought a potion of mutation for 136 gold pieces
 48594 | Vaults:4 | Bought a potion of haste for 170 gold pieces
 49005 | Vaults:4 | Identified the +1 hat "Iluenees" {Regen+} (Okawaru gifted
                  | it to you on level 4 of the Vaults)
 49288 | Vaults:4 | Found Futhreet's Jewellery Emporium.
 49358 | Vaults:4 | Found Iwoytun's Assorted Antiques.
 49371 | Vaults:4 | Found Pyzuegoq's Assorted Antiques.
 49387 | Vaults:4 | Reached XP level 21. HP: 171/192 MP: 34/34
 49400 | Vaults:4 | Bought a potion of heal wounds for 190 gold pieces
 49406 | Vaults:4 | Bought a twitching platinum ring for 155 gold pieces
 49406 | Vaults:4 | Bought a glass ring for 155 gold pieces
 49406 | Vaults:4 | Bought a glass wand for 124 gold pieces
 49406 | Vaults:4 | Identified the ring of Oce Oxtont {rPois Str+3} (You bought
                  | it in a shop on level 4 of the Vaults)
 49503 | Vaults:4 | Found a runed translucent gate.
 49503 | Vaults:4 | Found an ancient bone altar of Kikubaaqudgha.
 49503 | Vaults:4 | Noticed Faedia's ghost (adept GnWn)
 49503 | Vaults:4 | Noticed Isedumueph's ghost (veteran HuFi)
 49503 | Vaults:4 | Noticed an ancient lich
 49504 | Vaults:4 | Found a runed translucent gate.
 49504 | Vaults:4 | Found a runed translucent gate.
 49711 | Vaults:4 | Found Wuklagoy's General Store.
 49932 | Vaults:4 | Killed an ancient lich
 49932 | Vaults:4 | Received a gift from Okawaru
 49938 | Vaults:4 | Killed Isedumueph's ghost
 49946 | Vaults:4 | Got a pair of fine boots {god gift}
 49954 | Vaults:4 | Killed Faedia's ghost
 49960 | Vaults:4 | Got a twitching silver ring
 49965 | Vaults:4 | Got a twisted hat
 49979 | Vaults:4 | Identified the cursed ring of Temptation {*Drain rF+ AC-3
                  | Dex+6 Slay-5} (You found it on level 4 of the Vaults)
 49981 | Vaults:4 | Identified the cursed -6 hat of Instinct {Regen+} (You
                  | found it on level 4 of the Vaults)
 49983 | Vaults:4 | Identified the +4 pair of boots "Viruj" {-Tele Int+4 SInv}
                  | (Okawaru gifted it to you on level 4 of the Vaults)
 50023 | Vaults:5 | Entered Level 5 of the Vaults
 50050 | Vaults:5 | Found the ring of the Mage {Wiz MR++ Int+3}
 50125 | Vaults:5 | Identified the cursed ring "Motorr" {rPois rF+ AC-3 Str+4}
 50458 | Vaults:5 | Identified the +3 dire flail "Lycakaem" {freeze, SInv}
 50796 | Vaults:5 | Received a gift from Okawaru
 51124 | Vaults:5 | Found Mulutroa's Food Shoppe.
 51184 | Vaults:5 | Noticed a golden dragon
 51190 | Vaults:5 | Killed a golden dragon
 51299 | Vaults:5 | Noticed an ancient lich
 51313 | Vaults:5 | Killed an ancient lich
 51313 | Vaults:5 | Reached XP level 22. HP: 121/204 MP: 35/35
 51728 | Vaults:5 | Received a gift from Okawaru
 52166 | Vaults:5 | Received a gift from Okawaru
 52334 | Vaults:5 | Identified the cursed ring of Maxotud {rN+ EV-5 Str+7 Int-4
                  | Stlth+}
 52334 | Vaults:5 | Noticed Saint Roka
 52343 | Vaults:5 | Killed Saint Roka
 52377 | Vaults:5 | Identified the +6 short sword of Ancient Evil {flame, rN+
                  | Str+3}
 52492 | Vaults:5 | Noticed a golden dragon
 53208 | Vaults:5 | Got a scorched amethyst amulet
 53212 | Vaults:5 | Got a silver rune of Zot
 53444 | Vaults:5 | Identified the Disquisition on the Excruciating Oath
 53518 | Vaults:5 | Killed a golden dragon
 54218 | Depths:1 | Entered Level 1 of the Depths
 54233 | Depths:1 | Identified the amulet "Nac Rut" {Regen+ Int+4} (You found
                  | it on level 5 of the Vaults)
 54280 | Depths:1 | Got a fine quarterstaff
 54323 | Depths:1 | Received a gift from Okawaru
 54554 | Depths:1 | Got a shimmering halberd {god gift}
 54627 | Depths:1 | You fall into a shaft and drop 1 floor!
 54731 | Depths:2 | Found a gateway to a ziggurat.
 54877 | Depths:2 | HP: 8/209 [hell knight/+4 halberd of flaming (16)]
 55400 | Depths:2 | Found a gateway to Hell.
 55596 | Depths:2 | Reached XP level 23. HP: 215/215 MP: 32/36
 55701 | Depths:2 | You fall into a shaft and drop 1 floor!
 55713 | Depths:3 | Reached skill level 1 in Charms
 55713 | Depths:3 | Reached skill level 1 in Air Magic
 56738 | Depths:1 | Received a gift from Okawaru
 57035 | Depths:1 | Found a one-way gate leading to the halls of Pandemonium.
 57486 | Depths:1 | Reached skill level 5 in Charms
 57629 | Depths:1 | Identified the +10 war axe of Tartarus {vorpal, Str+4
                  | Dex+4}
 57677 | Depths:1 | Identified the +9 great sword of the Lamprey {vorpal, +Fly
                  | rPois}
 57697 | Depths:1 | Reached skill level 5 in Air Magic
 58255 | Depths:2 | Received a gift from Okawaru
 58660 | Depths:2 | Got a twisted hand axe
 59419 | Depths:3 | Received a gift from Okawaru
 59968 | Vaults:5 | Reached XP level 24. HP: 228/228 MP: 32/36
 60002 | Vaults:5 | Learned a level 3 spell: Ozocubu's Armour
 60487 | Depths:3 | Reached skill level 1 in Shields
 60694 | Depths:3 | Received a gift from Okawaru
 61688 | Snake:1  | Bought the ring of Temperance {+Blink rF+ Int+2 SInv} for
                  | 482 gold pieces
 62650 | Depths:4 | Received a gift from Okawaru
 62653 | Depths:4 | Got a crude short sword {god gift}
 63223 | Depths:5 | Entered Level 5 of the Depths
 63293 | Depths:5 | Received a gift from Okawaru
 63320 | Depths:5 | Found a gate to the Realm of Zot.
 63481 | Zot:1    | Entered Level 1 of the Realm of Zot
 64095 | Zot:2    | Reached XP level 25. HP: 129/238 MP: 24/36
 64282 | Zot:2    | Received a gift from Okawaru
 65393 | Zot:5    | Entered Level 5 of the Realm of Zot
 65625 | Zot:5    | Noticed an orb of fire
 66201 | Zot:5    | Killed an orb of fire
 66764 | Zot:5    | Noticed a Killer Klown
 66772 | Zot:5    | Killed a Killer Klown
 67258 | Zot:5    | Noticed an ancient lich
 67265 | Zot:5    | Killed an ancient lich
 67265 | Zot:5    | Received a gift from Okawaru
 67266 | Zot:5    | Got an encrusted fustibalus {god gift}
 67269 | Zot:5    | Identified the +4 fustibalus of Existentialism {freeze, rF-
                  | Str+4 Dex+3} (Okawaru gifted it to you on level 5 of the
                  | Realm of Zot)
 67563 | Depths:4 | Received a gift from Okawaru
 67564 | Depths:4 | Identified the +4 fustibalus of the Bear {freeze, +Inv}
                  | (Okawaru gifted it to you on level 4 of the Depths)
 68514 | Depths:4 | Reached XP level 26. HP: 208/246 MP: 34/36
 68538 | Depths:4 | Got a crystal bardiche
 68544 | Depths:4 | Identified the Handbook of the Dusty Frostbite
 68651 | Depths:4 | Found a corrupted altar of Lugonu.
 68704 | Depths:4 | Learned a level 6 spell: Eringya's Noxious Bog
 69263 | Zot:5    | Noticed an orb of fire
 69266 | Zot:5    | Gained mutation: You are frail. (-10% HP) [an orb of fire]
 69272 | Zot:5    | Killed an orb of fire
 69286 | Zot:5    | Received a gift from Okawaru
 69287 | Zot:5    | Got a pair of polished boots {god gift}
 69288 | Zot:5    | Identified the +1 pair of boots "Obrat" {Int+4} (Okawaru
                  | gifted it to you on level 5 of the Realm of Zot)
 69340 | Zot:5    | Noticed an ancient lich
 69347 | Zot:5    | Noticed an orb of fire
 69347 | Zot:5    | Noticed an ancient lich
 69352 | Zot:5    | Noticed an orb of fire
 69352 | Zot:5    | Noticed an orb of fire
 69352 | Zot:5    | Noticed an orb of fire
 69358 | Zot:5    | Killed an ancient lich
 69368 | Zot:5    | Killed from afar by an orb of fire

Levels and vault maps discovered:
D:1:      minmay_arrival_jagged, layout_rooms
D:2:      layout_rooms, gammafunk_temple_overflow_pools,
          kennysheep_cluttered_room, minmay_lizard_king, uniq_robin
D:3:      layout_loops_corners, first_ration, minmay_pentomino_pile
D:4:      layout_loops_ring, nicolae_ossuary_entry_ruins
D:5:      layout_layer_cave, nicolae_overflow_crystal_walls,
          portal_sewer_entry_b, gammafunk_ghost_abyssal_escape, uniq_duvessa,
          uniq_blork_the_orc
D:6:      minmay_thick_lines, layout_basic, ebering_ghost_sewer_f,
          minmay_misc_feat_rows
D:7:      layout_loops_ring, minmay_temple_entry_glass
D:8:      layout_basic, lemuel_coloured_pillars_altar, serial_shops, shop,
          nicolae_qazlal_general_emergency, uniq_psyche, uniq_maggie,
          uniq_maurice
D:9:      layout_gridville
D:10:     layout_basic, lair_entry_dummy
D:11:     layout_cave_pools, minmay_orc_entry_temple_small, serial_shops, shop,
          hangedman_stone_soup, serial_bayou_crossing, uniq_erolcha,
          uniq_josephine
D:12:     layout_roguey, grunt_ministairs_15, xom_confusion_cloud
D:13:     layout_roguey, erik_vaults_2, enter_bailey_2, uniq_rupert
D:14:     layout_basic
D:15:     hangedman_depths_entry_try_elsewhere_first, layout_cave_pools,
          serial_shops, shop, minmay_misc_feat_pillars, lemuel_angel_altar,
          uniq_agnes
Lair:1:   layout_small_grid, grunt_megastairs_5, serial_bayou_shore_a,
          uniq_nergalle, uniq_erica
Lair:2:   dpeg_oklob_shooting_range, layout_regular_city,
          minmay_shoals_entry_beasts
Lair:3:   layout_cave_pods, minmay_snake_entry_six_corridors, grunt_megastairs_3
Lair:4:   layout_hall_layers, lemuel_fruit_fields
Lair:5:   layout_loops_ring, nicolae_quartered_pool_super, ice2_lemuel
Lair:6:   evilmike_catoblepas_cave, layout_loops_ring,
          minmay_slime_entry_pillars
Shoals:1: layout_shoals
Shoals:2: layout_shoals, uniq_ilsuiw
Shoals:3: layout_shoals, st_cyclops
Shoals:4: shoals_end_grunt_garden, layout_shoals
Snake:1:  layout_chambers, basic_altar, minmay_shop_grove, uniq_aizul
Snake:2:  layout_misc_corridors, serial_shops, nicolae_shop_trees,
          minmay_shop_grid_forest, uniq_kirke, uniq_vashnia
Snake:3:  cheibrodos_toxic_ritual, layout_honeycomb,
          hangedman_snake_wide_pillar_pass
Snake:4:  snake_pit_salamanders_mu, layout_cave_town,
          hangedman_snake_corridor_cut, uniq_mara
Orc:1:    orc_temple, layout_caves
Orc:2:    st_orc_pillars, layout_caves
Vaults:1: vaults_room_semicircle, v_rooms_5, ontoclasm_vaults_bender,
          nicolae_vaults_angled_halls, nicolae_vaults_specimen_jars,
          hangedman_vaults_slice, grunt_vaults_funnel,
          hangedman_vaults_corner_blocks, nicolae_vaults_little_squares_2,
          nicolae_vaults_theta, nicolae_vaults_little_squares_3,
          ontoclasm_vaults_idyll, v_misc_10, layout_vaults_ring, serial_shops,
          shop
Vaults:2: hangedman_vaults_slice, vaults_standard_mumra_lines, vaults_room_grid,
          ontoclasm_vaults_loading_screen, ontoclasm_vaults_ligature,
          nicolae_vaults_mini_display_case, hangedman_vaults_unwind, v_misc_28,
          v_misc_9, layout_vaults_omnicross, serial_shops, shop
Vaults:3: minmay_crypt_entry_skeletal_spiral, v_misc_26,
          ontoclasm_vaults_misaligned, nicolae_vaults_network_quinsquares
          [nicolae_vaults_network_quincunx_subvault,
          nicolae_vaults_network_quincunx_subvault,
          nicolae_vaults_network_quincunx_subvault,
          nicolae_vaults_network_quincunx_subvault], vaults_mumra_minichess,
          nicolae_vaults_ring_of_whatevers, layout_vaults_chaotic_city
Vaults:4: gammafunk_vaults_ghost_crypt, v_pattern_5, vaults_room_octagon,
          dpeg_vaults_monster_box, v_rooms_4, v_misc_29,
          hangedman_vaults_stream, vaults_room_pools, vaults_room_large_hall,
          nicolae_vaults_big_ls, ontoclasm_vaults_shuriken,
          nicolae_vaults_big_angled_halls, ontoclasm_vaults_ring_large,
          vaults_room_ringed_pool, hangedman_vaults_stretched_pinwheel,
          layout_vaults_maze_bifur, serial_shops, shop, nicolae_shop_waterfront,
          shop, shop, nicolae_shop_behind_doors, uniq_margery
Vaults:5: serial_shops, uniq_saint_roka
Depths:1: layout_cave_shapes, hellmouth_1, pan_entry, minivault_16, st_stairs_6,
          grunt_ministairs_1, horrible_house_mu
Depths:2: grunt_house_of_mirrors, layout_honeycomb, enter_ziggurat_c,
          grunt_hell_entry_dis_mu, minmay_stone_trees_small
Depths:3: evilmike_diamond_1, layout_cave_shapes,
          minmay_staircase_windowed_large, hangedman_coc_ice_floe,
          rand_demon_pan_entry_7, minivault_10, kennysheep_generic_room_2
Depths:4: minmay_heptahexagon, layout_cave_shapes, minmay_misc_feat_tower,
          hell_entry, abyss_entry_flame_altar, lemuel_flame_loot_1
Depths:5: evilmike_zot_entry_basic, layout_cave_pools, hell_entry,
          glass_columns_c
Zot:1:    layout_gridlike, zot_minivault_7
Zot:2:    grunt_zot_stairs_overgrown, layout_onion_interference,
          grunt_ministairs_8
Zot:3:    layout_basic
Zot:4:    layout_onion_interference, lemuel_lake_of_fire
Zot:5:    layout_onion, nrook_zot_tub

Skill      XL: |  1  2  3  4  5  6  7  8  9 10 11 12 13 14 15 16 17 18 19 20 21 22 23 24 25 |
---------------+----------------------------------------------------------------------------+-----
Transmutations | 3 4 6 7 9 11 13 14 16 17 18 21 | 21.6
Unarmed Combat | 4 5 7 9 10 11 13 15 17 20 22 | 22.0
Dodging        | 2 4 8 9 10 11 13 14 15 16 18 20 22 | 22.0
Fighting       | 2 3 4 5 8 10 12 14 16 17 18 20 21 22 | 22.0
Evocations     | 2 3 4 |  4.0
Invocations    | 3 8 |  8.0
Spellcasting   | 4 5 6 9 |  9.0
Charms         | 8 |  8.0
Air Magic      | 5 |  5.0
Shields        | 4 |  4.3

Action                   |  1- 3 |  4- 6 |  7- 9 | 10-12 | 13-15 | 16-18 | 19-21 | 22-24 | 25-27 || total
-------------------------+-------+-------+-------+-------+-------+-------+-------+-------+-------++-------
Melee: Unarmed           |   113 |   186 |   406 |   460 |   854 |  1109 |  1197 |  1098 |   382 ||  5805
       Headbutt          |    11 |       |       |       |       |       |       |       |       ||    11
       Tailslap          |     5 |     8 |    26 |    68 |   132 |   167 |   209 |   232 |    92 ||   939
       Kick              |     5 |       |    11 |    72 |       |       |       |       |       ||    88
       Punch             |       |     2 |    13 |    22 |    56 |    88 |   142 |   145 |    58 ||   526
       Rapier            |       |       |       |       |    19 |    11 |       |       |       ||    30
Throw: Dart              |       |     2 |       |       |       |       |       |       |       ||     2
 Cast: Beastly Appendage |    13 |       |       |       |       |       |       |       |       ||    13
       Spider Form       |     3 |    14 |    41 |     9 |       |       |       |       |       ||    67
       Sticks to Snakes  |       |       |     4 |       |       |       |       |       |       ||     4
       Blade Hands       |       |       |     1 |    54 |   101 |   128 |   105 |    88 |    30 ||   507
       Ice Form          |       |       |       |     3 |     3 |     4 |       |       |       ||    10
       Blink             |       |       |       |       |       |       |     6 |     1 |     1 ||     8
       Deflect Missiles  |       |       |       |       |       |       |       |     1 |       ||     1
Invok: Heroism           |       |       |       |       |     3 |     1 |     3 |     6 |     6 ||    19
       Finesse           |       |       |       |       |     1 |     3 |     1 |     5 |     5 ||    15
 Abil: End Transformatio |       |       |       |       |     1 |       |       |     1 |       ||     2
       Breathe Dispellin |       |       |       |       |       |     5 |     2 |       |       ||     7
       Evoke Flight      |       |       |       |       |       |       |       |     1 |       ||     1
Evoke: Wand              |       |       |     1 |     6 |       |     1 |     6 |     5 |     3 ||    22
  Use: Scroll            |       |    14 |     3 |    14 |     9 |     7 |    12 |    16 |     7 ||    82
       Potion            |       |       |    12 |     8 |     5 |    15 |    11 |     8 |     3 ||    62
 Stab: Distracted        |       |     1 |       |       |       |       |       |     1 |     3 ||     5
       Sleeping          |       |       |     3 |     1 |     2 |     3 |       |       |       ||     9
       Invisible         |       |       |       |       |     1 |       |       |       |       ||     1
       Petrified         |       |       |       |       |       |     9 |       |       |       ||     9
       Petrifying        |       |       |       |       |       |     2 |       |       |       ||     2
  Eat: Chunk             |     2 |    10 |    16 |    41 |    44 |    25 |    35 |    33 |     7 ||   213
       Ration            |       |       |     2 |     1 |     7 |     8 |       |     5 |     3 ||    26
Armor: Skin              |    30 |    48 |    78 |    72 |   120 |   156 |   111 |    96 |    50 ||   761
Dodge: Dodged            |    86 |   137 |   184 |   281 |   444 |   826 |   650 |   675 |   261 ||  3544
       Deflected         |       |       |       |     1 |     7 |    77 |    47 |    39 |       ||   171
Block: Other             |       |    30 |   147 |   150 |   235 |   341 |   257 |   251 |    63 ||  1474
       Reflection        |       |       |     5 |     6 |    23 |    52 |    32 |    27 |     2 ||   147
       Buckler           |       |       |       |       |       |       |       |       |     5 ||     5

Table legend:
 A = Non-vault XP
 B = Vault XP
 C = Vault XP percentage of total XP
 D = Non-vault monster count
 E = Vault monster count
 F = Vault count percentage of total count
                 A         B        C        D         E       F
            +---------+---------+-------+---------+---------+-------
      Total |  693822 |  658072 |  48.7 |    1345 |     853 |  38.8
            +---------+---------+-------+---------+---------+-------
        D:1 |      25 |       2 |   7.4 |      14 |       1 |   6.7
        D:2 |      91 |      41 |  31.1 |      26 |      13 |  33.3
        D:3 |     127 |      10 |   7.3 |      21 |       6 |  22.2
        D:4 |     208 |       0 |   0.0 |      15 |       0 |   0.0
        D:5 |     677 |     786 |  53.7 |      20 |      10 |  33.3
        D:6 |     493 |     420 |  46.0 |      11 |      11 |  50.0
        D:7 |    1178 |       0 |   0.0 |      32 |       0 |   0.0
        D:8 |    1571 |    1364 |  46.5 |      15 |       3 |  16.7
        D:9 |     980 |       0 |   0.0 |      11 |       0 |   0.0
       D:10 |    2000 |     209 |   9.5 |      24 |       1 |   4.0
       D:11 |    4740 |    3857 |  44.9 |      48 |      17 |  26.2
       D:12 |    7093 |    1647 |  18.8 |      58 |      14 |  19.4
       D:13 |    3941 |   10769 |  73.2 |      23 |       9 |  28.1
       D:14 |    6654 |       0 |   0.0 |      32 |       0 |   0.0
       D:15 |    9474 |    7510 |  44.2 |      19 |       6 |  24.0
     Lair:1 |    3375 |    2321 |  40.7 |      18 |       5 |  21.7
     Lair:2 |    5597 |     722 |  11.4 |      18 |       2 |  10.0
     Lair:3 |    6690 |    1915 |  22.3 |      21 |      15 |  41.7
     Lair:4 |    7506 |       0 |   0.0 |      28 |       0 |   0.0
     Lair:5 |    2523 |    1536 |  37.8 |      12 |      11 |  47.8
     Lair:6 |   13379 |   12710 |  48.7 |      37 |      26 |  41.3
   Shoals:1 |   17182 |       0 |   0.0 |      35 |       0 |   0.0
   Shoals:2 |    3230 |       0 |   0.0 |       5 |       0 |   0.0
   Shoals:3 |   16328 |    4026 |  19.8 |      39 |       8 |  17.0
   Shoals:4 |   25852 |   16692 |  39.2 |      53 |      25 |  32.1
    Snake:1 |   16256 |    1647 |   9.2 |      31 |       1 |   3.1
    Snake:2 |   17178 |   10335 |  37.6 |      31 |       9 |  22.5
    Snake:3 |   25969 |    6186 |  19.2 |      49 |      12 |  19.7
    Snake:4 |   30531 |   62652 |  67.2 |      46 |      87 |  65.4
      Orc:1 |    1725 |    7002 |  80.2 |       8 |      30 |  78.9
      Orc:2 |    1191 |    9785 |  89.1 |      10 |      63 |  86.3
   Vaults:1 |   28637 |   10418 |  26.7 |      53 |      30 |  36.1
   Vaults:2 |   24780 |   24206 |  49.4 |      43 |      38 |  46.9
   Vaults:3 |   16136 |   18922 |  54.0 |      28 |      26 |  48.1
   Vaults:4 |   36502 |   59166 |  61.8 |      57 |      64 |  52.9
   Vaults:5 |   21227 |  169408 |  88.9 |      41 |     120 |  74.5
   Depths:1 |   48232 |    9473 |  16.4 |      50 |      15 |  23.1
   Depths:2 |   36185 |   34514 |  48.8 |      45 |      20 |  30.8
   Depths:3 |   68033 |   41330 |  37.8 |      92 |      28 |  23.3
   Depths:4 |   41364 |   64019 |  60.7 |      44 |      41 |  48.2
   Depths:5 |    3917 |   10465 |  72.8 |       5 |       8 |  61.5
      Zot:1 |   14212 |       0 |   0.0 |       6 |       0 |   0.0
      Zot:2 |   45755 |    1669 |   3.5 |      26 |       1 |   3.7
      Zot:3 |   33202 |       0 |   0.0 |      23 |       0 |   0.0
      Zot:4 |   14141 |       0 |   0.0 |       7 |       0 |   0.0
      Zot:5 |   27735 |   48720 |  63.7 |      15 |      13 |  46.4
      Sewer |       0 |     227 | 100.0 |       0 |      24 | 100.0
    Ossuary |       0 |     176 | 100.0 |       0 |      10 | 100.0
     Bailey |       0 |    1215 | 100.0 |       0 |      30 | 100.0
            +---------+---------+-------+---------+---------+-------
